Map: Galactic Process LE

Players

KingLucky

  • Race: Protoss Protoss
  • League: Grandmaster

TAGurPRGNANT - Winner!

  • Race: Terran Terran
  • League: Grandmaster

Event: Cheesadelphia Summer 2016

VOD

Have the link to the VOD?

Description

Time

  • Played on: July 23, 2016, 6:31 p.m.
  • Length: 10:24

All games in this series

Show
View Real Time Build Order
Export as new Build Order

KingLucky Protoss 

Build Orders: 1 Gate Expand, Oracle Opening 

Get SALT Encoding   

  12  0:01  Probe (Chrono Boost)  
  13  0:11  Probe (Chrono Boost)  
  14  0:17  Pylon  
  14  0:22  Probe (Chrono Boost)  
  15  0:35  Probe (Chrono Boost), Assimilator  
  16  0:39  Assimilator  
  16  0:46  Probe (Chrono Boost), Gateway  
  17  0:56  Probe (Chrono Boost)  
  18  1:07  Probe (Chrono Boost)  
  19  1:22  Nexus  
  19  1:25  Probe (Chrono Boost)  
  20  1:35  Cybernetics Core  
  20  1:39  Probe (Chrono Boost)  
  21  1:46  Assimilator  
  21  1:50  Probe (Chrono Boost)  
  22  1:55  Pylon  
  22  2:00  Probe (Chrono Boost)  
  23  2:13  Adept  
  23  2:14  Mothership Core (Chrono Boost)  
  27  2:16  Warp Gate  
  27  2:25  Pylon  
  27  2:35  Probe (Chrono Boost)  
  27  2:38  Probe (Chrono Boost)  
  28  2:45  Probe (Chrono Boost)  
  28  2:48  Probe (Chrono Boost)  
  30  2:56  Probe (Chrono Boost)  
  31  2:59  Probe (Chrono Boost)  
  32  3:06  Probe (Chrono Boost)  
  32  3:08  Stargate  
  32  3:10  Probe (Chrono Boost)  
  33  3:17  Probe (Chrono Boost)  
  34  3:20  Probe (Chrono Boost)  
  35  3:27  Probe (Chrono Boost), Adept  
  35  3:31  Probe (Chrono Boost)  
  38  3:38  Probe (Chrono Boost)  
  40  3:41  Probe (Chrono Boost), Gateway  
  40  3:47  Oracle  
  40  3:49  Probe (Chrono Boost)  
  40  3:52  Probe (Chrono Boost)  
  45  3:59  Pylon  
  45  4:02  Probe x2 (Chrono Boost), Pylon  
  47  4:10  Gateway  
  47  4:11  Robotics Facility  
  47  4:13  Probe (Chrono Boost)  
  47  4:14  Probe (Chrono Boost)  
  49  4:18  Oracle  
  49  4:21  Assimilator  
  52  4:26  Probe (Chrono Boost)  
  52  4:27  Assimilator  
  52  4:28  Probe (Chrono Boost)  
  54  4:38  Probe x2 (Chrono Boost)  
  55  4:39  Pylon  
  56  4:55  Probe (Chrono Boost)  
  56  4:56  Probe (Chrono Boost), Nexus  
  56  4:59  Pylon  
  58  5:10  Stalker  
  58  5:12  Stalker  
  62  5:16  Probe (Chrono Boost)  
  62  5:19  Probe (Chrono Boost)  
  64  5:21  Pylon  
  64  5:23  Stalker  
  64  5:24  Twilight Council, Pylon  
  67  5:29  Probe (Chrono Boost)  
  67  5:35  Stalker x2  
  65  5:43  Probe (Chrono Boost)  
  65  5:47  Probe (Chrono Boost)  
  54  5:55  Blink, Probe (Chrono Boost)  
  55  5:57  Probe (Chrono Boost)  
  53  6:05  Stalker x3  
  53  6:08  Probe x2 (Chrono Boost)  
  53  6:10  Observer  
  62  6:13  Probe (Chrono Boost)  
  62  6:18  Probe (Chrono Boost), Pylon  
  65  6:20  Probe (Chrono Boost)  
  65  6:24  Probe (Chrono Boost)  
  66  6:29  Probe (Chrono Boost)  
  66  6:32  Probe (Chrono Boost)  
  68  6:34  Probe (Chrono Boost)  
  68  6:36  Stalker x3  
  68  6:39  Probe (Chrono Boost)  
  76  6:44  Probe (Chrono Boost)  
  78  6:47  Probe (Chrono Boost)  
  78  6:48  Warp Prism  
  78  6:50  Probe (Chrono Boost)  
  81  6:56  Probe (Chrono Boost)  
  81  6:58  Gateway  
  81  6:59  Gateway  
  82  7:03  Gateway  
  82  7:04  Gateway  
  82  7:08  Stalker x3  
  88  7:17  Gateway  
  88  7:19  Gateway  
  88  7:20  Probe (Chrono Boost)  
  88  7:22  Probe (Chrono Boost)  
  90  7:23  Assimilator  
  90  7:26  Probe (Chrono Boost), Assimilator  
  91  7:31  Probe (Chrono Boost)  
  91  7:33  Stalker x2  
  91  7:34  Stalker  
  99  7:38  Probe (Chrono Boost)  
  99  7:53  Resonating Glaives, Pylon  
  99  7:57  Probe (Chrono Boost)  
  94  8:07  Adept x4  
  94  8:08  Adept x3  
  108  8:15  Probe x2 (Chrono Boost), Pylon  
  91  8:27  Adept x3  
  91  8:30  Adept x6  
  89  8:45  Adept x3  
  79  8:50  Adept x3  
  73  9:01  Stalker x3  
  79  9:05  Stalker x3  
  83  9:14  Stalker x3  
  63  9:24  Adept x3  
  63  9:25  Adept x2  
  57  9:32  Adept  
  59  9:39  Adept x2  
  59  9:40  Sentry  
  65  9:49  Sentry x2  
  65  9:50  Sentry x2  
  65  9:52  Stalker  
  73  9:57  Sentry  
Show
View Real Time Build Order
Export as new Build Order

TAGurPRGNANT Terran - Winner!

Build Orders: Liberator Opening, Reaper Expand, MMM Bio 

Get SALT Encoding   

  12  0:00  SCV  
  13  0:12  SCV  
  14  0:17  Supply Depot  
  14  0:24  SCV  
  15  0:38  SCV  
  15  0:40  Barracks  
  16  0:46  Refinery  
  16  0:50  SCV  
  17  1:03  SCV  
  18  1:15  SCV  
  19  1:28  Orbital Command  
  19  1:29  Reaper  
  20  1:45  Command Center  
  20  1:57  Supply Depot, SCV  
  21  2:02  Barracks Reactor  
  21  2:07  Refinery  
  21  2:09  SCV  
  22  2:23  SCV  
  22  2:24  Factory  
  23  2:35  SCV  
  24  2:37  Bunker  
  24  2:40  Marine x2  
  26  2:47  SCV  
  27  2:56  Orbital Command  
  27  2:59  SCV  
  28  3:11  SCV  
  28  3:12  Barracks Tech Lab, Starport  
  29  3:19  Widow Mine  
  29  3:20  Widow Mine  
  29  3:23  SCV x2  
  35  3:32  Marine  
  35  3:35  SCV x2  
  35  3:37  Supply Depot  
  36  3:47  SCV  
  36  3:55  Liberator, SCV  
  37  4:01  Marine  
  38  4:02  Stimpack  
  38  4:03  SCV  
  38  4:08  Barracks  
  39  4:13  Medivac  
  39  4:16  SCV  
  45  4:18  Widow Mine, Marine  
  45  4:20  Supply Depot  
  45  4:24  SCV  
  49  4:29  SCV  
  49  4:30  Barracks  
  50  4:31  Engineering Bay  
  50  4:36  SCV  
  51  4:40  Barracks  
  51  4:41  SCV  
  51  4:42  Marauder  
  54  4:48  SCV  
  50  4:57  Marine  
  49  5:01  SCV  
  49  5:02  Missile Turret  
  49  5:03  Marine  
  49  5:06  SCV  
  46  5:10  Missile Turret  
  46  5:14  SCV  
  47  5:20  SCV  
  49  5:23  Barracks Reactor  
  49  5:25  Terran Infantry Weapons Level 1  
  49  5:26  Barracks Tech Lab, SCV  
  49  5:29  Barracks  
  49  5:32  Barracks Reactor, SCV  
  50  5:38  SCV  
  51  5:44  SCV  
  51  5:48  Marauder x2  
  53  5:50  SCV  
  53  5:56  SCV  
  50  5:59  Medivac  
  50  6:02  SCV  
  50  6:03  Marine  
  50  6:04  Marine  
  52  6:06  Combat Shields  
  52  6:08  Marine, SCV  
  52  6:09  Marine x2  
  56  6:13  Marine  
  56  6:14  Refinery, SCV  
  56  6:15  Refinery  
  56  6:17  Concussive Shells  
  58  6:20  Supply Depot  
  58  6:21  Marine x2  
  60  6:27  Marine  
  60  6:28  Marauder  
  60  6:29  Marine x2  
  60  6:31  Marine  
  62  6:42  Marine x2, SCV  
  62  6:45  Marauder  
  65  6:48  SCV  
  65  6:49  Marauder  
  65  6:51  Supply Depot x2, Marine x2  
  70  6:55  Liberator  
  70  6:59  Liberator  
  70  7:02  Marine x2  
  70  7:12  Marine x3, SCV  
  70  7:13  Marauder x2  
  70  7:14  Supply Depot  
  81  7:19  Marine  
  81  7:20  Marine  
  86  7:35  Command Center, Marine x3  
  86  7:36  Marauder x2  
  93  7:37  Marine  
  93  7:38  Liberator  
  93  7:41  Supply Depot  
  94  7:50  Marine  
  95  7:57  Marauder x2  
  105  8:07  Medivac, Marine  
  105  8:08  Marine  
  105  8:09  Marine x2  
  108  8:19  Marauder x2  
  103  8:22  Marine  
  103  8:25  Marine x2  
  103  8:26  Marine  
  86  8:27  Marine  
  86  8:32  SCV  
  86  8:40  Marine x2, Marauder  
  84  8:43  Marine x2  
  84  8:44  Marine x2  
  70  8:57  Marine  
  70  8:58  Marine  
  70  9:01  Marine x2  
  74  9:04  Marine  
  74  9:06  Marine  
  75  9:15  Marine  
  72  9:18  Marine  
  72  9:19  Marine x2  
  66  9:25  Marine, Marauder  
  66  9:27  Marine  
  67  9:33  Marine  
  67  9:35  SCV  
  67  9:36  Marine  
  68  9:51  Marine x2  
  68  9:52  Marine, Marauder  
  71  9:53  Marine, Marauder  
  71  9:56  Marine  
Tags
 
Add a new tag
Caveats
  • Supply blocks, unpowered buildings, or Contaminate may cause inaccurate times.
  • Supply counts are checked every 10 seconds.